 Dungeon Crawl Stone Soup version 0.30.0-5-g1a98f26d00 (webtiles) character file.

Game seed: 11102492829459434195

25 AarnesTheHuman the Shield-Bearer (level 3, 0/35 HPs)
             Began as a Gnoll Fighter on May 10, 2023.
             Succumbed to a kobold's poison
             ... on level 1 of the Dungeon.
             The game lasted 00:00:50 (365 turns).

AarnesTheHuman the Shield-Bearer (Gnoll Fighter)     Turns: 365, Time: 00:00:51

Health: 0/35       AC:  9    Str: 17    XL:     3   Next: 6%
Magic:  3/3        EV:  9    Int:  7    God:
Gold:   17         SH:  9    Dex: 11    Spells: 3/3 levels left

rFire   . . .        a - +0 war axe
rCold   . . .        c - +0 buckler
rNeg    . . .        b - +0 scale mail
rPois   .            (no helmet)
rElec   .            (no cloak)
rCorr   .            (no gloves)
SInv    .            (no boots)
Will    +....        (no amulet) Stlth
                     (no ring)
HPRegen 0.25/turn    (no ring)
MPRegen 0.08/turn

%: no passive effects
@: lethally poisoned (0 -> -1)
A: fangs 1, strong nose, distributed training, iridescent scales 1, large bone
plates 1, strong-willed 1
a: no special abilities


You were on level 1 of the Dungeon.
You visited 1 branch of the dungeon, and saw 1 of its levels.

You collected 17 gold pieces.

Inventory:

Hand Weapons
 a - a +0 war axe (weapon)
Missiles
 e - 2 silver boomerangs (quivered)
 g - 2 poisoned darts
Armour
 b - a +0 scale mail (worn)
 c - a +0 buckler (worn)
Scrolls
 f - a scroll of teleportation
Potions
 d - a potion of might


   Skills:
 + Level 6.5 Fighting
 + Level 0.6 Short Blades
 + Level 0.6 Long Blades
 + Level 4.5 Axes
 + Level 0.6 Maces & Flails
 + Level 0.6 Polearms
 + Level 0.6 Staves
 + Level 0.6 Ranged Weapons
 + Level 0.6 Throwing
 + Level 6.5 Armour
 + Level 0.6 Dodging
 + Level 0.6 Stealth
 + Level 6.5 Shields
 + Level 0.6 Unarmed Combat
 + Level 0.6 Spellcasting
 + Level 0.4 Conjurations
 + Level 0.4 Hexes
 + Level 0.4 Summonings
 + Level 0.4 Necromancy
 + Level 0.4 Translocations
 + Level 0.4 Transmutations
 + Level 0.4 Fire Magic
 + Level 0.4 Ice Magic
 + Level 0.4 Air Magic
 + Level 0.4 Earth Magic
 + Level 0.4 Poison Magic
 + Level 0.8 Invocations
 + Level 0.6 Evocations


You had 3 spell levels left.
You didn't know any spells.
Your spell library was empty.

Dungeon Overview and Level Annotations

Branches:
Dungeon (1/15)

Altars:


Innate Abilities, Weirdness & Mutations

You have very sharp teeth.
Your uncanny sense of smell can sniff out nearby items.
Your experience applies equally to all skills.
You are partially covered in iridescent scales. (AC +2)
You are partially covered in large bone plates. (SH +4)
You are strong-willed. (Will+)


Message History

The kobold hits you with a +2 short sword of venom.
You closely miss the kobold. Your bite misses the kobold.
You feel sick.
The kobold hits you with a +2 short sword of venom.
You are lethally poisoned!
You slash the kobold!
You kill the kobold!
* * * LOW HITPOINT WARNING * * *
You feel very sick.
It was a potion of mutation.
You feel extremely strange.
Large bone plates grow over parts of your arms.
You feel strong-willed.
Iridescent scales grow over part of your body.
* * * LOW HITPOINT WARNING * * *
You feel sick.
Okay, then.
As you read the scroll labelled NUGA EHONOARIU, it crumbles to dust.
You feel strangely unstable.
It was a scroll of teleportation.
* * * LOW HITPOINT WARNING * * *
You feel sick.
Okay, then.
Press: ? - help, v - describe, . - travel, g - get item Item here: a +0 dagger.
The floor, spattered with blood.
Unknown command.
Okay, then.
Unknown command.
* * * LOW HITPOINT WARNING * * *
You feel sick.
* * * LOW HITPOINT WARNING * * *
You feel sick.
* * * LOW HITPOINT WARNING * * *
You feel sick.
Your surroundings suddenly seem different.
* * * LOW HITPOINT WARNING * * *
You feel sick.
* * * LOW HITPOINT WARNING * * *
You feel sick.
* * * LOW HITPOINT WARNING * * *
You feel sick.
You die...

##.#########.##.....#
..............'.....+
########.###.##.....#
#..##.####.### ##
##.##.....÷..# .#
#.#######.#.# ###
.##### #....# #....#
#.. .....##
#.##.###÷.###.# #..
......# #.....##@.....#
#.. ......#
####...#.###### #. #..
'#....# #.#..........
#. ## .#....#
#.##...###### ##.####.
.#....# #.####..###
#...##.. .#....#
#.......... +....)..
####### #####.#####....
#.......
#########(....### #....
#....)†.
..................#....
#...:...


There were no monsters in sight!

Vanquished Creatures
  A dart slug (D:1)
  An endoplasm (D:1)
  A giant cockroach (D:1)
  4 hobgoblins (D:1)
  4 kobolds (D:1)
  2 quokkas (D:1)
  3 ball pythons (D:1)
  2 bats (D:1)
  2 frilled lizards (D:1)
  A rat (D:1)
21 creatures vanquished.

Notes
Turn   | Place    | Note
-------+----------+-------------------------------------------
     0 | D:1      | AarnesTheHuman the Gnoll Fighter began the quest for the
                  | Orb.
     0 | D:1      | Reached XP level 1. HP: 23/23 MP: 1/1
   134 | D:1      | Reached XP level 2. HP: 22/29 MP: 2/2
   353 | D:1      | Reached XP level 3. HP: 24/35 MP: 3/3
   357 | D:1      | Gained mutation: You are partially covered in large bone
                  | plates. (SH +4) [potion of mutation]
   357 | D:1      | Gained mutation: You are strong-willed. (Will+) [potion of
                  | mutation]
   357 | D:1      | Gained mutation: You are partially covered in iridescent
                  | scales. (AC +2) [potion of mutation]
   363 | D:1      | HP: 1/35 [poisoned by a kobold]
   365 | D:1      | Succumbed to a kobold's poison

Illustrated notes

Levels and vault maps discovered:
D:1:      minmay_arrival_four_circles, layout_basic

Action                     || total
---------------------------++-------
  Melee: War axe           ||    48
    Use: Scroll            ||     1
         Potion            ||     1
 Armour: Scale mail        ||    23
  Dodge: Dodged            ||    18
  Block: Buckler           ||    18
